 Dungeon Crawl Stone Soup version 0.31-a0-210-gccc998df9b (webtiles) character file.

Game seed: 6313837637012897852

217 Dittersdorf the Covered (level 5, -1/34 HPs)
             Began as a Gargoyle Fighter on June 29, 2023.
             Constricted to death by Ijyb (4 damage)
             ... on level 4 of the Dungeon.
             The game lasted 00:03:25 (2670 turns).

Dittersdorf the Covered (Gargoyle Fighter)          Turns: 2670, Time: 00:03:26

Health: -1/34      AC: 13    Str: 21    XL:     5   Next: 94%
Magic:  5/5        EV:  5    Int:  9    God:
Gold:   196        SH:  4    Dex:  9    Spells: 4/4 levels left

rFire   . . .        a - +0 flail
rCold   . . .        c - +0 buckler
rNeg    + . .        e - +0 chain mail
rPois   ∞            (no helmet)
rElec   +            (no cloak)
rCorr   .            (no gloves)
SInv    .            (no boots)
Will    .....        (no amulet) Stlth
                     (no ring)
HPRegen 0.25/turn    (no ring)
MPRegen 0.09/turn

%: no passive effects
@: grasped by roots, constricted
A: sickness immunity, AC +4, negative energy resistance 1, electricity
resistance, torment resistance 1, petrification resistance
a: no special abilities


You were on level 4 of the Dungeon.
You visited 1 branch of the dungeon, and saw 4 of its levels.

You collected 196 gold pieces.

Inventory:

Hand Weapons
 a - a +0 flail (weapon)
Armour
 c - a +0 buckler (worn)
 e - a +0 chain mail (worn)
Wands
 s - a wand of roots (3)
Scrolls
 i - a scroll of enchant armour {unknown}
 j - a scroll of fog {unknown}
 k - a scroll of vulnerability {unknown}
 m - a scroll of revelation
 o - 4 scrolls of poison {unknown}
 q - a scroll of blinking {unknown}
 r - 2 scrolls of enchant weapon {unknown}
 u - 2 scrolls of teleportation
 w - a scroll of fear {unknown}
Potions
 d - a potion of might
 f - a potion of curing {unknown}
 h - a potion of enlightenment {unknown}
 n - a potion of heal wounds {unknown}
 p - a potion of magic {unknown}
 t - a potion of mutation


   Skills:
 + Level 4.5 Fighting
 + Level 3.3 Maces & Flails
 + Level 4.5 Armour
 + Level 4.4 Shields


You had 4 spell levels left.
You didn't know any spells.
Your spell library contained the following spells:

 Spells                   Type           Power      Damage    Failure   Level
 Slow                     Hex            0%         N/A       97%         1
 Ensorcelled Hibernation  Hex/Ice        0%         N/A       99%         2
 Lesser Beckoning         Tloc           0%         N/A       99%         2
 Passwall                 Tmut/Erth      0%         N/A       99%         2
 Confusing Touch          Hex            0%         N/A       100%        3
 Gell's Gravitas          Tloc           0%         N/A       100%        3
 Spider Form              Tmut/Pois      0%         N/A       100%        3
 Swiftness                Air            0%         N/A       100%        3
 Teleport Other           Tloc           0%         N/A       100%        3
 Vampiric Draining        Necr           0%         2d6       100%        3
 Anguish                  Hex/Necr       0%         N/A       100%        4


Dungeon Overview and Level Annotations

Branches:
Dungeon (4/15)
 Temple: D:4-7

Altars:

Annotations:
D:4 Ijyb


Innate Abilities, Weirdness & Mutations

You are immune to sickness and miasma.
Your stone body is resilient. (AC +4)
You are immune to poison.
You resist negative energy. (rN+)
You are resistant to electric shocks. (rElec)
You are resistant to unholy torment.
You are immune to petrification.


Message History

Ijyb hits you with a +10 club!
You sock Ijyb!
Ijyb is heavily wounded.
Ijyb hits you with a +10 club!
You are too injured to fight recklessly!
You are too injured to fight recklessly!
You are too injured to fight recklessly!
You are too injured to fight recklessly!
You are too injured to fight recklessly!
You are too injured to fight recklessly!
You are too injured to fight recklessly!
You are too injured to fight recklessly!
You are too injured to fight recklessly!
You are too injured to fight recklessly!
You are too injured to fight recklessly!
You are too injured to fight recklessly!
You are too injured to fight recklessly!
You are too injured to fight recklessly!
You are too injured to fight recklessly!
You are too injured to fight recklessly!
You are too injured to fight recklessly!
There are monsters nearby!
There are monsters nearby!
There are monsters nearby!
You closely miss Ijyb.
Ijyb is heavily wounded.
Ijyb zaps a wand.
The roots erupt in riotous growth!
The grasping roots grab you!
Ijyb is unaffected.
The grasping roots constrict you.
* * * LOW HITPOINT WARNING * * *
Ijyb hits you with a +10 club.
* * * LOW HITPOINT WARNING * * *
The grasping roots constrict you.
* * * LOW HITPOINT WARNING * * *
The hobgoblin hits you but does no damage.
You hit Ijyb but do no damage.
Ijyb is heavily wounded.
The hobgoblin hits you but does no damage.
Ijyb hits you but does no damage. The grasping roots constrict you.
You die...

...........#.......#
...............#...#
#.............##..##
#.<............####**
##.#...........###*,*
*,.##....#####...#*,### ***
,..#........##.###,...# **,* ***
,...............##....##*,,****,*
,........#......@g.....#*,,,,,*,,
,........##.....g.......*,,,,,,,,
,........##.....#.......*,***,,,,
,,,......###.........#..,,,**,,,,
*.,,*#...............#,.,,,,,,,,,
*#.*##..<.......#......,,,,,,*,,,
##.##..........####..#..,,,***,,,
#...#..........#.#,.##..,,,,**,,,
#.................,,,,,*,,,,,,,,,


You could see Ijyb and a hobgoblin.

Vanquished Creatures
  An ogre (D:3)
  5 adders
  2 dart slugs
  An orc (D:3)
  8 ball pythons
  8 endoplasms
  3 giant cockroaches
  6 goblins
  5 hobgoblins
  11 jackals
  A quokka (D:4)
  2 bats
  7 frilled lizards
  7 kobolds
  12 rats
79 creatures vanquished.

Notes
Turn   | Place    | Note
-------+----------+-------------------------------------------
     0 | D:1      | Dittersdorf the Gargoyle Fighter began the quest for the
                  | Orb.
     0 | D:1      | Reached XP level 1. HP: 14/14 MP: 1/1
   142 | D:1      | Reached XP level 2. HP: 17/19 MP: 2/2
   327 | D:1      | Found a faded altar of an unknown god.
   327 | D:1      | Noticed a Tzitzimitl
   551 | D:1      | Reached XP level 3. HP: 23/23 MP: 3/3
  1355 | D:2      | Reached XP level 4. HP: 29/29 MP: 4/4
  1857 | D:3      | Noticed an ogre
  1882 | D:3      | Killed an ogre
  1883 | D:3      | Reached XP level 5. HP: 14/34 MP: 5/5
  2665 | D:4      | Noticed Ijyb
  2670 | D:4      | Constricted to death by Ijyb

Illustrated notes

Levels and vault maps discovered:
D:1:      dpeg_arrival_rhombus, layout_basic,
          dreamdust_ecumenical_altar_sealed_demon, minmay_misc_feat_tiny,
          corexii_leaking_fountain
D:2:      layout_basic, minmay_3d_cube
D:3:      layout_loops_ring
D:4:      cheibrodos_old_hovel, layout_cave_pools, kennysheep_little_box,
          uniq_ijyb

Skill      XL: |  1  2  3  4 |
---------------+-------------+-----
Fighting       | 4 |  4.5
Armour         | 4 |  4.5
Shields        | 4 |  4.4
Maces & Flails | 3 |  3.3

Action                     |  1- 3 |  4- 6 || total
---------------------------+-------+-------++-------
  Melee: Flail             |   123 |   168 ||   291
    Use: Scroll            |       |     6 ||     6
 Armour: Chain mail        |    94 |   118 ||   212
  Dodge: Dodged            |    47 |    63 ||   110
  Block: Buckler           |    20 |    36 ||    56

Table legend: (Time is in decaauts)
 A = Elapsed time spent in this place.
 B = Non-inter-level travel time spent in this place.
 C = Inter-level travel time spent in this place.
 D = Time resting spent in this place.
 E = Time spent auto-exploring this place.
 F = Levels seen in this place.
 G = Mean time per level.
                   A        B        C        D        E       F      G
               +--------+--------+--------+--------+--------+-----+--------+
         Total |   2752 |   2533 |    219 |     60 |   1835 |   4 |  688.0 |
       Dungeon |   2752 |   2533 |    219 |     60 |   1835 |   4 |  688.0 |
               +--------+--------+--------+--------+--------+-----+--------+

Top non-repeatable levels by time:
     D:1: 1015 daAuts
     D:3: 822 daAuts
     D:2: 768 daAuts
     D:4: 145 daAuts
